Unix NetHack Version 5.0.0-0 post-release - last build Jun 10 2026 00:39:30 (3ee93aec679c4c4259841fe613dc97188e26a321,branch:main).

Game began 2026-07-05 01:54:48, ended 2026-07-05 02:50:20.

Brudee, chaotic female human Rogue

                                -------- ------
                                |<|>...---....|
                                |^|-....%0....|
                                |^||.000|..00.|
                                |^||..%.|..%..|
                                |^|------.----|
                                |^|    |.Y....|
                                |^------.@....|
                                |.....^.......|
                                |..-----.0....|
                                ----   --------

Brudee the Cutpurse     St:11 Dx:18 Co:14 In:12 Wi:10 Ch:10  Chaotic S:1296
Dlvl:6  $:8  HP:0(40) Pw:18(18) AC:6  Xp:5/247 T:1872  Burdened

Latest messages:
 You see here an apple.
 With great effort you move the boulder.
 With great effort you move the boulder.
 The boulder suddenly rolls away from you!
 You hear a boulder fall.
 You see here an apple.
 With great effort you move the boulder.
 You have a little trouble lifting W - a bronze ring.
 With great effort you move the boulder.
 The boulder suddenly rolls away from you!
 You hear a boulder fall.
 You see here an apple.
 There is an apple here; eat it? [ynq] (n) y
 Core dumped.
 You see here a tripe ration.
 With great effort you move the boulder.
 With great effort you move the boulder.
 With great effort you move the boulder.
 You see here a tripe ration.
 With great effort you move the boulder.
 With great effort you move the boulder.
 With great effort you move the boulder.
 The boulder suddenly rolls away from you!
 You hear a boulder fall.
 With great effort you move the boulder.
 You miss the ape.
 The ape hits!
 The ape hits again!
 The ape bites!
 The ape hits!
 The ape hits again!
 The ape bites!
 In what direction? k
 You throw 2 daggers.
 The 1st dagger hits the ape.
 The 2nd dagger hits the ape.
 The ape hits!
 The ape hits again!
 The ape misses!
 In what direction? k
 The dagger hits the ape.
 The ape hits!
 The ape hits again!
 The ape bites!
 The ape hits!
 The ape hits again!
 The ape bites!
 You die...
 Do you want your possessions identified? [ynq] (y) y
 Do you want to see your attributes? [ynq] (y) q

Inventory:
 Coins    ('$')
  $ - 8 gold pieces
 Weapons  (')')
  b - a +0 dagger (weapon in right hand)
  Q - 5 +0 daggers (at the ready)
 Armor    ('[')
  S - an uncursed +0 helm of caution
  R - a cursed -1 orcish helm
  G - an uncursed +0 shield of shock resistance (being worn)
  c - an uncursed +1 leather armor (being worn)
 Comestibles  ('%')
  r - an uncursed eucalyptus leaf
  D - a cursed food ration
 Scrolls  ('?')
  k - 2 uncursed scrolls of identify
  t - 2 uncursed scrolls of light
  s - a cursed scroll of remove curse
 Potions  ('!')
  n - an uncursed potion of monster detection
  d - an uncursed potion of sickness
  l - an uncursed potion of water
 Rings    ('=')
  W - an uncursed ring of cold resistance
  q - an uncursed ring of shock resistance
 Wands    ('/')
  V - a wand of undead turning (0:4)
 Tools    ('(')
  f - an empty uncursed sack
  v - a cursed sack containing 1 item
  L - a bag of tricks (0:16)
  e - an uncursed lock pick
  o - a cursed tin whistle
  x - a cursed tinning kit (0:40)
 Gems/Stones  ('*')
  m - an uncursed aquamarine stone
  y - a cursed touchstone

Contents of the sack:
  a cursed +0 pick-axe

Brudee the Rogue's attributes:

Background:
 You were a Cutpurse, a level 5 female human Rogue.
 You were chaotic, on a mission for Kos
 who was opposed by Issek (lawful) and Mog (neutral).
 You were right-handed.
 You were in Sokoban, on level 6.
 You entered the dungeon 1872 turns ago.
 It was nighttime.
 You had 247 experience points, 73 more were needed to attain level 6.
 Your score was 1296 before end-of-game adjustments.

Basics:
 You had 0 out of 40 hit points.
 You had all 18 energy points (spell power).
 Your armor class was 6.
 Your wallet contained 8 zorkmids.
 Autopickup was on for '$!=+?/"' plus thrown.

Final Characteristics:
 Your strength was 11 (limit:18/100).
 Your dexterity was 18 (limit:18).
 Your constitution was 14 (limit:18).
 Your intelligence was 12 (limit:18).
 Your wisdom was 10 (limit:18).
 Your charisma was 10 (limit:18).

Final Status:
 You weren't hungry.
 You were burdened; movement was slightly slowed.
 You were wielding a dagger.
 You were skilled in dagger.

Final Attributes:
 You were devoutly aligned.
 You were shock resistant.
 Your items were protected from electric shocks.
 You were telepathic.
 You were stealthy.
 You were warded.
 You are dead.

Miscellaneous:
 You encountered 1 bones level.
 Total elapsed playing time was 55 minutes and 31 seconds.

Major events:
 Turn
    1: Brudee the chaotic female human Rogue entered the dungeon
  691: attained the rank of Cutpurse (level 3)
 1717: entered Sokoban
 1872: killed by an ape

Spells:
 Name                 Level Category     Fail Retention
 healing                1   healing       46%  76%-100%

Skills:
 Fighting Skills
   bare handed combat [Unskilled]
   two weapon combat  [Unskilled]
   riding             [Unskilled]
 Weapon Skills
   dagger             [Skilled]
   knife              [Unskilled]
   short sword        [Basic]
   broadsword         [Unskilled]
   long sword         [Unskilled]
   two-handed sword   [Unskilled]
   saber              [Unskilled]
   club               [Unskilled]
   mace               [Unskilled]
   morning star       [Unskilled]
   flail              [Unskilled]
   hammer             [Unskilled]
   polearms           [Unskilled]
   spear              [Unskilled]
   crossbow           [Unskilled]
   dart               [Unskilled]
   shuriken           [Unskilled]
 Spellcasting Skills
   divination spells  [Unskilled]
   escape spells      [Unskilled]
   matter spells      [Unskilled]

Voluntary challenges:
 Character rerolling was not enabled.
 You never genocided any monsters.
 You never polymorphed an object.
 You never changed form.
 You used no wishes.
 You did not violate any of the special Sokoban rules.
Achievements:
 You attained the rank of Cutpurse.
 You entered a shop.
 You entered Sokoban.

 The Dungeons of Doom: levels 1 to 7
    Level 1:
    Level 2:
    Level 3:
       Some fountains.
    Level 4:
    Level 5:
       A general store, a fountain.
       Final resting place for
          poiuztrewq-Arc-Hum-Fem-Neu, killed by a kitten.
    Level 6:
    Level 7:
       Stairs up to Sokoban, level 6.
 Sokoban:
    Level 6: <- You were here.
       Unsolved.
       Final resting place for
          you, killed by an ape.


Vanquished creatures:
  a small mimic
  a dust vortex
  a gnome leader
  a gray ooze
  a baby crocodile
  4 giant ants
  2 floating eyes
  2 giant bats
  a wererat
  2 acid blobs
  a gas spore
  a hobgoblin
  5 giant rats
  a brown mold
  2 jackals
  a fox
  a kobold
  a goblin
  2 sewer rats
  6 grid bugs
  a bat
  a lichen
  3 kobold zombies
  a newt
43 creatures vanquished.

No species were genocided or became extinct.

Game over:
                       ----------
                      /          \
                     /    REST    \
                    /      IN      \
                   /     PEACE      \
                  /                  \
                  |      Brudee      |
                  |       8 Au       |
                  | killed by an ape |
                  |                  |
                  |                  |
                  |                  |
                  |       2026       |
                 *|     *  *  *      | *
        _________)/\\_//(\/(/\)/\//\/|_)_______

Goodbye Brudee the Rogue...

You died in Sokoban on dungeon level 6 with 1296 points,
and 8 pieces of gold, after 1872 moves.
You were level 5 with a maximum of 40 hit points when you died.

